 Dungeon Crawl Stone Soup version 0.28-a0-1510-gd0f6b136d3 (webtiles) character file.

Game seed: 5054799427623193029

429 shadowrider38 the Magician (level 7, -1/52 HPs)
             Began as a Djinni Fire Elementalist on Jan 15, 2022.
             Slain by a human (12 damage)
             ... on level 7 of the Dungeon.
             The game lasted 00:05:57 (4896 turns).

shadowrider38 the Magician (DjFE)                   Turns: 4896, Time: 00:05:58

Health: -1/52      AC:  2    Str:  7    XL:     7   Next: 19%
Gold:   131        EV: 12    Int: 24    God:
                   SH:  0    Dex: 14

rFire   + + .      SeeInvis .   a - +2 dagger (vamp)
rCold   x . .      Faith    .   (no shield)
rNeg    + . .      Spirit   .   g - +0 robe
rPois   ∞          Reflect  .   (no helmet)
rElec   .          Harm     .   (no cloak)
rCorr   .          Rampage  .   (no gloves)
Will    .....                   (boots unavailable)
Stlth   ++........              (no amulet)
HPRegen 0.17/turn               d - ring of positive energy
MPRegen 0.00/turn               e - +6 ring of intelligence

@: portalling projectiles, flying
A: sickness immunity, fire resistance 2, cold vulnerability 1, float, innate
caster, hp casting, extra vitality 1
a: no special abilities


You were on level 7 of the Dungeon.
You visited 1 branch of the dungeon, and saw 6 of its levels.

You collected 131 gold pieces.

Inventory:

Hand Weapons
 a - a +2 vampiric dagger (weapon)
Missiles
 n - 49 stones
 r - 2 throwing nets
 y - 3 javelins
 z - 6 boomerangs
Armour
 g - a +0 robe (worn)
 s - a +0 leather armour
Jewellery
 d - a ring of positive energy (left hand)
 e - a +6 ring of intelligence (right hand)
 h - a ring of ice
 q - a ring of see invisible
 t - a ring of positive energy
Scrolls
 c - a scroll of teleportation {unknown}
 j - a scroll of fear {unknown}
 k - 2 scrolls of blinking
 l - a scroll of amnesia {unknown}
 u - a scroll of silence {unknown}
 v - a scroll of vulnerability
 w - a scroll of noise {unknown}
Potions
 b - a potion of mutation
 f - a potion of curing {unknown}
 i - a potion of ambrosia
 m - 2 potions of degeneration {unknown}
 o - a potion of haste {unknown}
 p - 3 potions of flight {unknown}
 x - a potion of resistance {unknown}


   Skills:
 - Level 4.0 Fighting
 - Level 2.1 Dodging
 - Level 1.5 Stealth
 + Level 4.9 Spellcasting


You couldn't memorise any spells.
You knew the following spells:

 Your Spells              Type           Power      Damage    Failure   Level
a - Foxfire               Conj/Fire      100%       2x1d9     1%          1
b - Scorch                Fire           58%        2d7       1%          2
c - Conjure Flame         Conj/Fire      29%        6-21      3%          3
d - Inner Flame           Hex/Fire       29%        N/A       3%          3
e - Flame Wave            Conj/Fire      29%        2d6       12%         4
f - Sandblast             Erth           58%        2d13      1%          1
g - Corpse Rot            Necr/Air       58%        N/A       1%          2
h - Portal Projectile     Hex/Tloc       58%        N/A       3%          3
Your spell library was empty.

Dungeon Overview and Level Annotations

Branches:
Dungeon (7/15)
 Temple: D:4-7

Altars:


Innate Abilities, Weirdness & Mutations

You are immune to sickness and miasma.
You are immune to poison.
Your flesh is very heat resistant. (rF++)
You are vulnerable to cold. (rC-)
You float through the air rather than walking.
You learn spells naturally, not from books.
Your magical power is your life essence.
You have superior vitality. (+4 MHP)


Message History

You hear the slow hiss of a very distant avalanche of sand.
The human shouts!
You hear a shout! x3
A centaur zombie comes into view.
The human hits you with a +0 mace!
The human shoots a stone.
The stone barely misses you.
A human comes into view. It is wielding a +0 club.
The human hits you with a +0 mace!
There is a stone staircase leading down here.
The human hits you with a +0 mace!
You fly downwards.
There is a stone staircase leading up here.
Unknown command.
Casting: Foxfire (safe; 1% risk of failure)
Confirm with . or Enter, or press ? or * to list all spells.
Okay, then.
Press: ? - help, v - describe, . - travel, g - get item
Items here: a +0 animal skin; a +0 mace.
The floor.
Unknown command.
Casting: Foxfire (safe; 1% risk of failure)
Confirm with . or Enter, or press ? or * to list all spells.
You begin teleporting projectiles to their destination.
The human hits you with a +0 mace.
Casting: Portal Projectile (dangerous; 3% risk of failure)
Confirm with . or Enter, or press ? or * to list all spells.
You conjure some foxfire!
* * * LOW HITPOINT WARNING * * *
The human hits you with a +0 mace.
* * * LOW HITPOINT WARNING * * *
The foxfire hits the human!
The human is moderately wounded.
The foxfire hits the human but does no damage.
The human is moderately wounded.
You are too injured to fight recklessly!
Casting: Foxfire (safe; 1% risk of failure)
Confirm with . or Enter, or press ? or * to list all spells.
You conjure some foxfire!
* * * LOW HITPOINT WARNING * * *
The human hits you with a +0 mace!
You die...

##......#.....##
##..............##
#................#
#................#
#................#
#................#
#.......)........#
#.......v........#
##.....:.@p..<..##
##.....##v..[.##
##############


You could see a human (ally target).

Vanquished Creatures
  A human (D:7)
  An ice beast (D:7)
  2 jellies (D:3)
  An iguana (D:2)
  4 adders
  A white imp (D:4)
  An ufetubus (D:7)
  4 dart slugs
  3 orcs
  9 endoplasms
  A giant cockroach (D:2)
  5 goblins
  2 hobgoblins
  3 jackals (D:2)
  3 quokkas
  7 ball pythons
  8 bats
  2 frilled lizards (D:1)
  9 kobolds
  6 rats
73 creatures vanquished.

Vanquished Creatures (others)
  88 foxfires
88 creatures vanquished.

Grand Total: 161 creatures vanquished

Notes
Turn   | Place    | Note
-------+----------+-------------------------------------------
     0 | D:1      | shadowrider38 the Djinni Fire Elementalist began the quest
                  | for the Orb.
     0 | D:1      | Reached XP level 1. HP: 15/15 MP: 0/0
   356 | D:1      | Reached skill level 1 in Fighting
   362 | D:1      | Reached XP level 2. HP: 13/22 MP: 0/0
   677 | D:1      | Found a faded altar of an unknown god.
  1399 | D:1      | Reached XP level 3. HP: 28/29 MP: 0/0
  1399 | D:1      | Learned a level 1 spell: Sandblast
  2047 | D:2      | Reached XP level 4. HP: 6/35 MP: 0/0
  3118 | D:3      | Reached XP level 5. HP: 34/41 MP: 0/0
  3118 | D:3      | Learned a level 2 spell: Corpse Rot
  4505 | D:4      | Reached XP level 6. HP: 46/47 MP: 0/0
  4551 | D:4      | You are sucked into a shaft and drop 3 floors!
  4551 | D:7      | Noticed an ice beast
  4556 | D:7      | Killed an ice beast
  4713 | D:6      | Noticed a human
  4713 | D:6      | Noticed a human
  4718 | D:6      | Noticed a human
  4725 | D:7      | Killed a human
  4726 | D:7      | Reached XP level 7. HP: 24/52 MP: 0/0
  4726 | D:7      | Learned a level 3 spell: Portal Projectile
  4887 | D:6      | Noticed a human
  4896 | D:7      | Slain by a human

Illustrated notes

Levels and vault maps discovered:
D:1:      ebering_trefoil_twist, layout_loops_cross,
          hellmonk_ecumenical_altar_zigzags, minmay_tetromino_o2
D:2:      minmay_spotlight, layout_basic, grunt_decor_resistance,
          nicolae_concentric_dashed_squares_mild
D:3:      layout_basic, minivault_27, kennysheep_small_spiral,
          minmay_misc_feat_rows
D:4:      layout_cave_pools, minmay_temple_entry_tees
D:6:      layout_loops_ring, serial_shops, nicolae_shop_bloodbath_and_beyond,
          gammafunk_ghost_abyssal_escape, nicolae_ossuary_entry_monument,
          minmay_ruffians, uniq_eustachio
D:7:      layout_rooms, nicolae_wooded_promenade, nicolae_shop_gadgets,
          uniq_crazy_yiuf_cottage

Skill      XL: |  1  2  3  4  5  6 |
---------------+-------------------+-----
Fighting       | 1 2 3 4 |  4.0
Spellcasting   | 3 4 |  4.9
Dodging        | |  2.1
Stealth        | |  1.5

Action                   |  1- 3 |  4- 6 |  7- 9 || total
-------------------------+-------+-------+-------++-------
Melee: Unarmed           |    11 |       |       ||    11
       Whip              |    30 |    20 |       ||    50
       Dagger            |       |    37 |       ||    37
 Cast: Foxfire           |    32 |    16 |     2 ||    50
       Sandblast         |       |    33 |       ||    33
       Portal Projectile |       |       |     1 ||     1
  Use: Scroll            |       |     4 |       ||     4
 Stab: Sleeping          |     4 |     4 |       ||     8
Armor: Robe              |    10 |    14 |       ||    24
Dodge: Dodged            |    43 |    40 |     1 ||    84

Table legend: (Time is in decaauts)
 A = Elapsed time spent in this place.
 B = Non-inter-level travel time spent in this place.
 C = Inter-level travel time spent in this place.
 D = Time resting spent in this place.
 E = Time spent auto-exploring this place.
 F = Levels seen in this place.
 G = Mean time per level.
                   A        B        C        D        E       F      G
               +--------+--------+--------+--------+--------+-----+--------+
         Total |   4900 |   4641 |    259 |   1882 |   2126 |   6 |  816.7 |
       Dungeon |   4900 |   4641 |    259 |   1882 |   2126 |   6 |  816.7 |
               +--------+--------+--------+--------+--------+-----+--------+

Top non-repeatable levels by time:
     D:1: 1715 daAuts
     D:3: 1401 daAuts
     D:2: 1368 daAuts
     D:7: 333 daAuts
     D:4: 68 daAuts
     D:6: 12 daAuts
